Map: [ESL] Stargazers

Players

Classic - Winner!

  • Race: Protoss Protoss
  • Spawn Location: 11:00

ByuN

  • Race: Terran Terran
  • Spawn Location: 1:00

Event: TSL 9

VOD

Have the link to the VOD?

Description

Time

  • Played on: July 29, 2022, 10:56 a.m.
  • Length: 12:25

All games in this series

Show
View Real Time Build Order
Export as new Build Order

Classic Protoss - Winner!

Build Orders: Oracle Opening, Blink Stalkers 

Get SALT Encoding   

  12  0:00  Probe  
  13  0:12  Probe  
  14  0:17  Pylon  
  14  0:24  Probe  
  15  0:35  Gateway  
  15  0:37  Probe (Chrono Boost)  
  16  0:46  Probe (Chrono Boost)  
  16  0:47  Assimilator  
  17  0:51  Probe (Chrono Boost)  
  17  0:55  Assimilator  
  18  1:03  Probe (Chrono Boost)  
  19  1:07  Pylon  
  19  1:12  Probe (Chrono Boost)  
  19  1:17  Probe (Chrono Boost)  
  20  1:22  Cybernetics Core  
  21  1:29  Probe  
  24  1:42  Probe  
  23  1:58  Adept, Stargate  
  25  2:02  Warp Gate  
  25  2:13  Nexus  
  25  2:18  Probe  
  26  2:26  Pylon  
  26  2:30  Probe  
  26  2:34  Stalker  
  29  2:41  Oracle (Chrono Boost)  
  32  2:46  Probe  
  33  2:58  Probe  
  34  3:01  Twilight Council  
  34  3:10  Probe  
  35  3:22  Probe  
  36  3:34  Probe (Chrono Boost)  
  36  3:35  Probe (Chrono Boost)  
  36  3:37  Blink (Chrono Boost)  
  37  3:44  Gateway x2  
  37  3:45  Probe x2 (Chrono Boost)  
  39  3:51  Probe x2 (Chrono Boost)  
  39  3:53  Stalker  
  43  3:58  Probe  
  43  4:00  Pylon  
  43  4:01  Probe  
  45  4:10  Probe  
  45  4:13  Probe, Assimilator  
  47  4:17  Stalker  
  47  4:22  Probe  
  50  4:25  Probe  
  50  4:30  Nexus  
  51  4:34  Pylon  
  51  4:36  Probe  
  51  4:37  Probe  
  53  4:46  Stalker x2  
  53  4:49  Stalker  
  59  4:56  Probe x2  
  61  5:00  Forge  
  61  5:08  Probe x2  
  61  5:12  Pylon  
  63  5:18  Stalker x2  
  63  5:19  Stalker  
  65  5:22  Protoss Ground Weapons Level 1 (Chrono Boost)  
  66  5:28  Charge (Chrono Boost), Probe x2  
  67  5:36  Gateway  
  67  5:38  Gateway  
  67  5:42  Gateway  
  67  5:46  Gateway  
  67  5:52  Gateway  
  67  5:53  Sentry x3  
  73  5:57  Probe x3 (Chrono Boost)  
  76  6:06  Probe x3 (Chrono Boost)  
  79  6:14  Probe  
  79  6:15  Probe x2  
  82  6:21  Stalker x3  
  82  6:24  Pylon x2  
  88  6:25  Robotics Facility  
  88  6:28  Shield Battery  
  88  6:38  Zealot x3  
  87  6:47  Zealot x5  
  87  6:51  Pylon  
  87  6:52  Shield Battery  
  97  7:00  Pylon  
  97  7:01  Stalker x2  
  99  7:02  Stalker, Pylon  
  99  7:07  Pylon  
  103  7:11  Assimilator  
  103  7:14  Assimilator  
  103  7:16  Zealot x3  
  103  7:17  Zealot  
  103  7:22  Stalker  
  109  7:34  Phoenix (Chrono Boost)  
  109  7:40  Probe x3  
  109  7:41  Forge  
  109  7:43  Forge  
  112  7:44  Warp Prism (Chrono Boost)  
  112  7:50  Robotics Bay  
  114  7:52  Probe x3  
  114  7:53  Robotics Facility  
  117  8:04  Probe x2  
  117  8:05  Probe  
  120  8:11  Zealot x4  
  128  8:14  Nexus  
  128  8:16  Pylon  
  128  8:18  Observer, Assimilator  
  129  8:27  Protoss Ground Armor Level 1 (Chrono Boost), Protoss Ground Weapons Level 2 (Chrono Boost)  
  129  8:33  Pylon x2  
  129  8:35  Shield Battery  
  129  8:36  Disruptor (Chrono Boost)  
  129  8:38  Disruptor (Chrono Boost)  
  135  8:52  Pylon  
  135  8:54  Photon Cannon  
  135  9:02  Disruptor (Chrono Boost)  
  135  9:03  Disruptor (Chrono Boost)  
  135  9:05  Probe  
  135  9:06  Probe x2  
  135  9:07  Photon Cannon  
  135  9:09  Shield Battery  
  144  9:14  Dark Shrine  
  144  9:22  Stalker x3  
  144  9:23  Stalker x3  
  156  9:30  Disruptor (Chrono Boost)  
  159  9:32  Disruptor (Chrono Boost)  
  160  9:38  Zealot x2  
  156  9:49  Probe x3  
  156  9:50  Probe  
  156  9:51  Assimilator  
  154  9:56  Assimilator  
  154  9:58  Disruptor (Chrono Boost)  
  154  9:59  Disruptor (Chrono Boost)  
  154  10:01  Zealot  
  154  10:02  Zealot x7  
  148  10:29  Stalker x4  
  148  10:30  Stalker x3  
  148  10:31  Stalker  
  148  10:32  Disruptor (Chrono Boost)  
  148  10:33  Disruptor (Chrono Boost)  
  170  10:36  Nexus  
  145  11:04  Zealot x8  
  145  11:05  Disruptor (Chrono Boost), Pylon  
  145  11:06  Disruptor (Chrono Boost)  
  167  11:11  Probe x2  
  167  11:12  Probe x2  
  167  11:18  Gravitic Drive  
  171  11:30  Zealot x4  
  171  11:31  Zealot x4  
  171  11:57  Zealot  
Show
View Real Time Build Order
Export as new Build Order

ByuN Terran 

Build Orders: Cyclone Opening, Gas First Reaper Expand 

Get SALT Encoding   

  12  0:00  SCV  
  13  0:12  SCV  
  14  0:17  Supply Depot  
  14  0:24  SCV  
  14  0:27  Refinery  
  15  0:38  SCV  
  16  0:43  Barracks  
  16  0:50  SCV  
  17  1:03  SCV  
  18  1:15  SCV  
  19  1:30  Reaper, Orbital Command  
  20  1:43  Command Center  
  20  1:51  Factory  
  20  1:56  SCV  
  20  2:00  Refinery  
  21  2:05  Barracks Reactor  
  21  2:08  SCV  
  22  2:12  Supply Depot  
  22  2:20  SCV  
  23  2:34  SCV  
  24  2:37  Factory Tech Lab  
  24  2:40  Barracks  
  24  2:43  Marine x2  
  26  2:46  SCV  
  27  2:55  Cyclone  
  27  2:56  Orbital Command  
  27  2:58  SCV  
  31  3:01  Marine  
  31  3:02  Marine  
  33  3:10  SCV  
  34  3:12  Orbital Command  
  34  3:19  Marine  
  35  3:20  Marine  
  35  3:22  SCV  
  35  3:28  Cyclone  
  36  3:38  SCV, Barracks Tech Lab  
  36  3:39  SCV  
  38  3:42  Marine  
  38  3:43  Marine  
  38  3:45  Supply Depot  
  40  3:50  SCV  
  40  3:51  SCV  
  42  3:57  Stimpack, Marine  
  42  4:00  Marine x2  
  45  4:07  Barracks, SCV x2  
  47  4:10  Supply Depot  
  47  4:19  SCV x2  
  47  4:21  Marine x3  
  52  4:26  Starport  
  52  4:27  Factory Reactor  
  52  4:31  SCV x2  
  52  4:36  Engineering Bay  
  54  4:41  Marine x3  
  54  4:43  SCV  
  54  4:44  SCV  
  59  4:50  Supply Depot  
  59  4:56  SCV x2, Combat Shield  
  62  5:00  Marine  
  62  5:01  Marine  
  62  5:05  Terran Infantry Weapons Level 1  
  62  5:11  Marine x2  
  62  5:12  SCV x2, Factory Reactor  
  66  5:20  Marauder x2  
  67  5:24  Supply Depot  
  67  5:25  Refinery  
  67  5:27  SCV x2  
  68  5:29  Marine x2  
  68  5:33  Medivac  
  68  5:34  Medivac  
  72  5:40  SCV x2  
  72  5:43  Marauder  
  72  5:44  Marauder  
  72  5:48  Supply Depot  
  76  5:51  Marine x2  
  76  5:55  Widow Mine x2  
  82  5:58  SCV x2  
  82  6:01  Supply Depot  
  83  6:10  SCV x2  
  83  6:15  Supply Depot  
  83  6:18  Concussive Shells  
  81  6:19  Marauder x2, Marine  
  81  6:22  Marine  
  81  6:25  SCV x2  
  89  6:28  Refinery  
  89  6:29  Medivac  
  89  6:31  Medivac  
  95  6:43  Marauder  
  95  6:45  Marine x2  
  93  6:49  Marauder  
  93  6:52  Command Center  
  95  7:00  Barracks  
  95  7:01  Barracks  
  95  7:09  Marauder, Marine x2  
  95  7:10  Marauder  
  95  7:13  Supply Depot  
  95  7:14  SCV  
  95  7:15  SCV  
  98  7:26  SCV  
  98  7:27  SCV  
  92  7:30  Marauder  
  92  7:32  Marauder  
  94  7:38  SCV  
  94  7:39  SCV  
  94  7:43  Missile Turret  
  90  7:45  Terran Infantry Armor Level 1  
  90  7:50  Barracks Reactor, SCV, Barracks Tech Lab  
  90  7:51  SCV, Widow Mine x2  
  95  7:57  Marauder x2, Marine x2  
  102  8:01  Medivac  
  102  8:03  Medivac  
  106  8:07  Orbital Command  
  106  8:09  SCV  
  106  8:10  SCV  
  108  8:14  Widow Mine x2  
  108  8:18  Ghost Academy  
  112  8:24  SCV x2  
  112  8:26  Armory  
  114  8:27  Missile Turret  
  114  8:33  Marine x4  
  118  8:36  Marauder x2  
  118  8:38  Marauder  
  124  8:44  SCV x3  
  124  8:47  Refinery  
  124  8:48  Supply Depot, Refinery  
  127  8:50  Supply Depot  
  127  8:53  Marine x2  
  127  8:54  Marine x2  
  130  9:02  SCV x3  
  133  9:06  Enhanced Shockwaves  
  133  9:09  Ghost x2  
  137  9:11  Ghost  
  137  9:14  Marine x2  
  137  9:15  Marine x2  
  143  9:18  Supply Depot  
  143  9:23  Medivac  
  143  9:24  Medivac  
  146  9:26  Supply Depot  
  142  9:38  Terran Infantry Weapons Level 2  
  142  9:39  SCV x3  
  142  9:41  Ghost x3  
  149  9:51  SCV, Marine x4  
  155  9:56  Command Center  
  152  10:09  Marine x4  
  152  10:10  Engineering Bay, SCV x2, Marauder  
  152  10:11  SCV, Marauder x2  
  148  10:27  Marine x4  
  140  10:31  Widow Mine x2, Ghost  
  140  10:32  Marauder x2  
  132  10:46  Marine x2  
  132  10:47  Marine x2  
  125  10:52  Widow Mine x2  
  125  10:53  Marauder x2  
  125  10:55  Barracks  
  125  10:56  Barracks  
  125  10:57  Barracks  
  131  11:06  Ghost  
  133  11:14  Widow Mine x2, Ghost x2  
  133  11:17  Medivac  
  133  11:18  Medivac  
  145  11:20  SCV x3  
  145  11:22  Marine x2  
  150  11:27  Missile Turret  
  150  11:30  Marine  
  150  11:31  Marine  
  150  11:35  Ghost  
  152  11:42  Ghost  
  152  11:43  Marauder  
  151  11:51  Marine x2  
Tags
 
Add a new tag
Caveats
  • Supply blocks, unpowered buildings, or Contaminate may cause inaccurate times.
  • Supply counts are checked every 10 seconds.